 Dungeon Crawl Stone Soup version 0.28.0-53-g5a82cb258f (webtiles) character file.

Game seed: 7187570170583972761

42303 cbfl8 the Severer (level 13, -15/184 HPs)
             Began as a Minotaur Berserker on July 25, 2022.
             Was a High Priest of Trog.
             Demolished by a golden dragon simulacrum (43 damage)
             ... in an ice cave.
             The game lasted 00:36:04 (14859 turns).

cbfl8 the Severer (Minotaur Berserker)             Turns: 14859, Time: 00:36:05

Health: -15/184    AC: 14    Str: 28    XL:     13   Next: 84%
Magic:  12/12      EV: 15    Int: 10    God:    Trog [*****.]
Gold:   875        SH:  0    Dex: 15    Spells: 12/12 levels left

rFire   . . .      SeeInvis .   D - +1 battleaxe (freeze)
rCold   . . .      Faith    .   (shield currently unavailable)
rNeg    . . .      Spirit   .   i - +3 scale mail of Naodgham {Will+ Slay+2 Stlth+}
rPois   .          Reflect  .   G - +0 hat
rElec   .          Harm     .   I - +0 cloak of Somewhere Else {Int+6}
rCorr   .          Rampage  .   v - +0 pair of gloves
Will    +....                   (no boots)
Stlth   ..........              e - amulet of regeneration
HPRegen 1.20/turn               K - +6 ring of strength
MPRegen 0.13/turn               r - ring of flight

@: berserking, flying, very quick
A: horns 2, retaliatory headbutt
a: Renounce Religion, Berserk, Trog's Hand, Brothers in Arms


You were in an ice cave.
You worshipped Trog.
Trog was extremely pleased with you.
You visited 1 branch of the dungeon, and saw 14 of its levels.
You also visited: Gauntlet and Ice Cave.

You collected 977 gold pieces.
You spent 102 gold pieces at shops.

Inventory:

Hand Weapons
 A - a +4 battleaxe
 D - a +1 battleaxe of freezing (weapon)
Armour
 h - a +0 plate armour
 i - the +3 scale mail of Naodgham (worn) {Will+ Slay+2 Stlth+}
   (You found it on level 9 of the Dungeon)

   Slay:      It affects your accuracy & damage with ranged weapons and melee
   (+2).
   Will:      It increases your willpower.
   Stlth:     It makes you more stealthy.
 t - a +2 chain mail of fire resistance
 v - a +0 pair of gloves (worn)
 G - a +0 hat (worn)
 I - the +0 cloak of Somewhere Else (worn) {Int+6}
   (You found it on level 9 of the Dungeon)

   Int:       It affects your intelligence (+6).
Jewellery
 d - a ring of see invisible
 e - an amulet of regeneration (around neck)
 g - a ring of willpower
 r - a ring of flight (right hand)
 w - a ring of positive energy
 J - the ring "Bualatt" {*Corrode rElec rPois MP+9 Int+3}
   (You found it on level 9 of the Dungeon)

   [ring of magical power]

   Int:       It affects your intelligence (+3).
   rElec:     It insulates you from electricity.
   rPois:     It protects you from poison.
   MP:        It affects your magic capacity (+9).
   *Corrode:  It may corrode you when you take damage.
 K - a +6 ring of strength (left hand)
Wands
 f - a wand of acid (5)
 o - a wand of polymorph (19)
 z - a wand of paralysis (2) (quivered)
 C - a wand of charming (16)
 S - a wand of flame (5)
Scrolls
 a - 2 scrolls of enchant weapon {unknown}
 c - 5 scrolls of teleportation
 q - a scroll of magic mapping
 u - a scroll of amnesia {unknown}
 x - a scroll of torment
 y - 2 scrolls of silence
 E - 3 scrolls of vulnerability
 N - a scroll of enchant armour {unknown}
 O - a scroll of blinking {unknown}
Potions
 b - a potion of ambrosia
 j - 2 potions of haste
 k - 2 potions of flight
 l - a potion of invisibility {unknown}
 m - 4 potions of curing
 n - 4 potions of mutation
 p - a potion of cancellation {unknown}
 s - 2 potions of lignification
 H - a potion of berserk rage {unknown}
Miscellaneous
 B - a condenser vane
 F - a piece from Xom's chessboard (15/15)


   Skills:
 * Level 13.9 Fighting
 + Level 15.1 Axes
 + Level 10.8 Armour
 * Level 10.1 Dodging
 * Level 8.4 Stealth
 * Level 8.0 Evocations


You had 12 spell levels left.
You didn't know any spells.
Your spell library was empty.

Dungeon Overview and Level Annotations

Branches:
Dungeon (14/15)            Temple (0/1) D:7            Lair (0/6) D:8
    Orc (0/2) D:11         Vaults (0/5) D:13          IceCv (1/1)
Gauntlet (visited)

Altars:
Cheibriados
Fedhas
Gozag
Hepliaklqana
Kikubaaqudgha
Makhleb
Nemelex Xobeh
Okawaru
Ru
Sif Muna
Uskayaw
Vehumet
Wu Jian
Yredelemnul
Zin
Beogh

Shops:
D:1 [   D:13 *

Annotations:
D:4 2 transporters, Cidec's ghost, weakling FoAK
D:10 2 transporters, DocClef's ghost, journeyman GnFE
D:12 exclusion: skeletal warrior
D:13 2 transporters, Tecliruu's ghost, journeyman DjCA


Innate Abilities, Weirdness & Mutations

You have a pair of horns on your head.
You reflexively headbutt those who attack you in melee.


Message History

You start resting.
HP restored.
You start waiting.
Done waiting.
Found 30 gold pieces.
Found 16 arrows.
You reach down and open the door.
There is an open door here.
You reach down and open the door.
A caustic shrike simulacrum comes into view.
There is an open door here.
The helpless caustic shrike simulacrum fails to defend itself.
You cut the caustic shrike simulacrum into ribbons!!!
The caustic shrike simulacrum vaporises!
Trog accepts your kill.
Really fly into that cloud of freezing vapour? [Y]es or [N]o only, please.
Really fly into that cloud of freezing vapour?
Okay, then.
You reach down and open the door.
A golden dragon simulacrum comes into view.
You hit the golden dragon simulacrum.
Your headbutt misses the golden dragon simulacrum.
The golden dragon simulacrum is lightly damaged.
The golden dragon simulacrum bites you!
The golden dragon simulacrum freezes you!!!
The golden dragon simulacrum claws you.
The golden dragon simulacrum freezes you!!!
* * * LOW HITPOINT WARNING * * *
The golden dragon simulacrum closely misses you.
You feel better.
Okay, then.
Okay, then.
A red film seems to cover your vision as you go berserk!
You feel yourself moving faster!
You feel mighty!
The golden dragon simulacrum bites you but does no damage.
The golden dragon simulacrum claws you.
* * * LOW HITPOINT WARNING * * *
The golden dragon simulacrum freezes you!!!
You die...

..#### #.#.# ..#.⌠#
#+#+#.#'#+# ..#W(+
+.........#
..########.8.8.8.8.#
....#..............#
....'..............+
....#..............#
..########.8.8.8.8.#
..#W$+ +......@..#
..#n⌠# #+#+#.#Z#+#
..#### #.#.# ...#
#+### .### ##


You could see a golden dragon simulacrum.

Vanquished Creatures
  A minotaur (Gauntlet)
  A boulder beetle (D:13)
  A catoblepas (D:13)
  A hydra (D:13)
  2 vault guards (D:13)
  A caustic shrike simulacrum (IceCv)
  6 centaur warriors
  2 ogre magi
  13 two-headed ogres
  A death knight (D:13)
  A death scarab (Gauntlet)
  A deep elf knight (D:13)
  Sonja (D:13)
  3 skeletal warriors (D:14)
  2 obsidian statues (IceCv)
  3 orc knights (D:13)
  2 orc sorcerers (D:13)
  2 ugly things (D:13)
  3 manticores
  A cyclops (D:12)
  4 freezing wraiths (IceCv)
  A kobold demonologist (D:11)
  A yaktaur (D:13)
  An ice devil (IceCv)
  A komodo dragon (D:11)
  5 trolls
  A slime creature (shapeshifter) (Gauntlet)
  A spectral dream sheep (Gauntlet)
  5 flying skulls (Gauntlet)
  A spriggan (shapeshifter) (Gauntlet)
  3 shadows
  6 yaks (D:9)
  2 wraiths
  A centaur simulacrum (D:11)
  3 humans
  A wyvern (D:9)
  A basilisk (D:13)
  A yak (shapeshifter) (D:13)
  A hog (shapeshifter) (D:13)
  14 vampire mosquitoes
  A minotaur simulacrum (IceCv)
  2 steam dragons
  A hydra simulacrum (IceCv)
  3 acid dragons (D:10)
  A water moccasin (D:5)
  A hornet zombie (D:7)
  7 orc warriors
  An ice beast (D:5)
  An alligator simulacrum (IceCv)
  4 necrophages
  13 centaurs
  5 ogres
  2 phantoms (D:5)
  3 kobold brigands
  2 gnoll sergeants
  5 bullfrogs
  3 scorpions
  2 wyvern zombies
  A wyvern skeleton (D:7)
  A wight (D:7)
  5 killer bees
  6 howler monkeys
  An electric eel (D:13)
  A crimson imp (D:4)
  9 centaur zombies
  3 jellies
  A bullfrog skeleton (D:5)
  4 bullfrog zombies
  2 hounds
  8 orc priests
  A human zombie (D:7)
  2 iguanas
  Natasha (D:3)
  15 orc wizards
  4 killer bee zombies
  2 howler monkey zombies
  10 gnolls
  3 adders
  An adder skeleton (D:4)
  2 worms (D:3)
  4 dart slugs
  23 orcs
  8 ball pythons
  A bat zombie (D:6)
  3 endoplasms
  4 giant cockroaches
  7 hobgoblins
  2 quokkas
  4 bats (D:1)
  6 frilled lizards
  6 goblins
  18 kobolds
  4 rats
332 creatures vanquished.

Vanquished Creatures (collateral kills)
  An orc priest (D:9)
  An orc wizard (D:9)
  2 orcs (D:9)
4 creatures vanquished.

Vanquished Creatures (others)
  14 demonic plants (Gauntlet)
14 creatures vanquished.

Grand Total: 350 creatures vanquished

Notes
Turn   | Place    | Note
-------+----------+-------------------------------------------
     0 | D:1      | cbfl8 the Minotaur Berserker began the quest for the Orb.
     0 | D:1      | Reached XP level 1. HP: 19/19 MP: 0/0
   324 | D:1      | Found Tauguac's Antique Armour Emporium.
   463 | D:1      | Reached XP level 2. HP: 20/27 MP: 1/1
  1359 | D:2      | Reached skill level 4 in Axes
  1416 | D:2      | Reached ** piety under Trog
  1417 | D:2      | Reached XP level 3. HP: 34/34 MP: 2/2
  2037 | D:3      | Reached XP level 4. HP: 40/41 MP: 3/3
  2066 | D:3      | Noticed Natasha
  2070 | D:3      | Killed Natasha
  2071 | D:3      | Reached skill level 1 in Stealth
  2502 | D:4      | Found an ornate altar of the Wu Jian Council.
  2719 | D:4      | Found a sacrificial altar of Ru.
  2723 | D:4      | Noticed a necrophage
  2733 | D:4      | Killed a necrophage
  2734 | D:4      | Reached skill level 5 in Fighting
  2734 | D:4      | Reached skill level 5 in Axes
  2734 | D:4      | Reached XP level 5. HP: 48/48 MP: 4/4
  2814 | D:4      | Found a glowing silver altar of Zin.
  2820 | D:4      | Found a transporter.
  2822 | D:4      | Noticed Cidec's ghost (weakling FoAK)
  2824 | D:4      | Found a transporter.
  2824 | D:4      | Noticed an ogre
  2824 | D:4      | Noticed an ogre
  2843 | D:4      | Found a burning altar of Makhleb.
  2843 | D:4      | Found a radiant altar of Vehumet.
  2904 | D:4      | Noticed an ogre
  2910 | D:4      | Killed an ogre
  2911 | D:4      | Reached skill level 1 in Evocations
  2911 | D:4      | Reached XP level 6. HP: 56/56 MP: 5/5
  3150 | D:5      | Entered Level 5 of the Dungeon
  3161 | D:5      | Reached *** piety under Trog
  3168 | D:5      | Reached XP level 7. HP: 61/61 MP: 6/6
  3304 | D:5      | Reached skill level 6 in Axes
  3629 | D:5      | Reached skill level 5 in Armour
  3675 | D:5      | Reached XP level 8. HP: 31/70 MP: 7/7
  3852 | D:5      | Found a blossoming altar of Fedhas.
  4170 | D:6      | Reached skill level 7 in Axes
  4392 | D:6      | Reached skill level 5 in Dodging
  5006 | D:6      | Found an ancient bone altar of Kikubaaqudgha.
  5135 | D:7      | Found an opulent altar of Gozag.
  5160 | D:7      | Found a staircase to the Ecumenical Temple.
  5200 | D:7      | Reached XP level 9. HP: 73/78 MP: 8/8
  5266 | D:7      | Reached skill level 8 in Axes
  5281 | D:7      | Found an iron altar of Okawaru.
  5448 | D:7      | Found a sparkling altar of Nemelex Xobeh.
  5451 | D:7      | Found a snail-covered altar of Cheibriados.
  5455 | D:7      | Found a hide-covered altar of Uskayaw.
  5533 | D:7      | Noticed a two-headed ogre
  5545 | D:7      | Killed a two-headed ogre
  5646 | D:7      | Reached skill level 9 in Axes
  5781 | D:7      | Found a shimmering blue altar of Sif Muna.
  5787 | D:7      | Reached **** piety under Trog
  5953 | D:7      | Found a basalt altar of Yredelemnul.
  6018 | D:7      | Reached XP level 10. HP: 88/88 MP: 9/9
  6162 | D:8      | Found a staircase to the Lair.
  6522 | D:8      | Identified the +11 dagger of the Whale {vorpal, rC+}
  6742 | D:8      | Found a hazy altar of Hepliaklqana.
  6851 | D:9      | Identified the +3 scale mail of Naodgham {Will+ Slay+2
                  | Stlth+}
  6892 | D:9      | Reached skill level 10 in Axes
  6892 | D:9      | Reached skill level 5 in Stealth
  6945 | D:9      | Noticed a two-headed ogre
  6961 | D:9      | Killed a two-headed ogre
  7002 | D:9      | Found a transporter.
  7008 | D:9      | Found a transporter.
  7047 | D:9      | Noticed a two-headed ogre
  7049 | D:9      | Identified the +0 war axe of Nusteen {venom, rC+ Int+3
                  | Dex+2}
  7156 | D:9      | Killed a two-headed ogre
  7157 | D:9      | Reached skill level 5 in Evocations
  7666 | D:9      | Reached XP level 11. HP: 97/97 MP: 10/10
  7715 | D:9      | Identified the +0 cloak of Somewhere Else {Int+6}
  7734 | D:9      | Identified the ring "Bualatt" {*Corrode rElec rPois MP+9
                  | Int+3}
  7798 | D:10     | Entered Level 10 of the Dungeon
  7855 | D:10     | Found a transporter.
  7855 | D:10     | Noticed DocClef's ghost (journeyman GnFE)
  7921 | D:10     | Reached skill level 11 in Axes
  8146 | D:10     | Identified the +0 ring mail of the Tundras {rF+ Int+4}
  8152 | D:10     | Found a transporter.
  8755 | D:11     | Reached skill level 10 in Fighting
  9074 | D:11     | Found a staircase to the Orcish Mines.
  9720 | D:11     | Noticed a centaur warrior
  9728 | D:11     | Killed a centaur warrior
  9729 | D:11     | Reached skill level 12 in Axes
  9845 | D:12     | Found a gate leading to a gauntlet.
  9861 | Gauntlet | Entered a Gauntlet
  9861 | Gauntlet | Noticed a death scarab
  9861 | Gauntlet | Found a transporter.
  9861 | Gauntlet | Found a transporter.
  9873 | Gauntlet | Found a transporter.
  9887 | Gauntlet | Found a transporter.
  9918 | Gauntlet | Noticed a balrug
  9940 | Gauntlet | Found a transporter.
  9943 | Gauntlet | Found a transporter.
  9949 | Gauntlet | Noticed a hell hog
  9956 | Gauntlet | Found a transporter.
 10001 | Gauntlet | Found a large runed translucent door.
 10002 | Gauntlet | Found a large runed translucent door.
 10003 | Gauntlet | Found a large runed translucent door.
 10004 | Gauntlet | Found a runed translucent gate.
 10005 | Gauntlet | Found a runed translucent gate.
 10006 | Gauntlet | Found a runed translucent gate.
 10007 | Gauntlet | Found a large runed translucent door.
 10008 | Gauntlet | Found a large runed translucent door.
 10009 | Gauntlet | Found a large runed translucent door.
 10011 | Gauntlet | Found a transporter.
 10019 | Gauntlet | Found a transporter.
 10058 | Gauntlet | Found a transporter.
 10104 | Gauntlet | Found a transporter.
 10129 | Gauntlet | Found a large runed translucent door.
 10130 | Gauntlet | Found a large runed translucent door.
 10131 | Gauntlet | Found a runed translucent door.
 10131 | Gauntlet | Found a runed translucent door.
 10132 | Gauntlet | Found a large runed translucent door.
 10133 | Gauntlet | Found a large runed translucent door.
 10133 | Gauntlet | Found a large runed translucent door.
 10134 | Gauntlet | Found a large runed translucent door.
 10134 | Gauntlet | Found a large runed translucent door.
 10134 | Gauntlet | Found a large runed translucent door.
 10135 | Gauntlet | Found a large runed translucent door.
 10136 | Gauntlet | Found a large runed translucent door.
 10160 | Gauntlet | Noticed an anaconda
 10304 | Gauntlet | Noticed a steelbarb worm
 10304 | Gauntlet | a torpor snail changed into a steelbarb worm
 10312 | Gauntlet | Noticed an orb spider
 10312 | Gauntlet | a steelbarb worm changed into an orb spider
 10431 | Gauntlet | Killed a death scarab
 10599 | Gauntlet | Reached XP level 12. HP: 110/110 MP: 11/11
 10604 | Gauntlet | Identified the +1 helmet of Zaikaise {Will+++}
 10811 | Gauntlet | Identified the +12 dagger "Duget" {vorpal, rC+ rN+ Str+3
                  | Dex-5}
 10811 | Gauntlet | Noticed a minotaur
 10821 | Gauntlet | Killed a minotaur
 11002 | D:12     | Noticed a two-headed ogre
 11003 | D:12     | Noticed an ogre mage
 11003 | D:12     | Noticed a two-headed ogre
 11004 | D:12     | Noticed a two-headed ogre
 11015 | D:12     | Killed a two-headed ogre
 11018 | D:12     | Killed a two-headed ogre
 11021 | D:12     | Killed a two-headed ogre
 11021 | D:12     | Killed an ogre mage
 11022 | D:12     | Reached skill level 13 in Axes
 11120 | D:12     | Noticed a two-headed ogre
 11139 | D:12     | Killed a two-headed ogre
 11631 | D:13     | Noticed a centaur warrior
 11647 | D:13     | Killed a centaur warrior
 11842 | D:13     | Noticed Tecliruu's ghost (journeyman DjCA)
 11898 | D:13     | Found a transporter.
 11903 | D:13     | Found a transporter.
 12059 | D:13     | Noticed a catoblepas
 12079 | D:13     | Killed a catoblepas
 12159 | D:13     | Reached skill level 10 in Armour
 12195 | D:13     | Noticed a death knight
 12202 | D:13     | Killed a death knight
 12338 | D:13     | Noticed a centaur warrior
 12343 | D:13     | Noticed a centaur warrior
 12347 | D:13     | Killed a centaur warrior
 12350 | D:13     | Killed a centaur warrior
 12582 | D:13     | Noticed Sonja
 12587 | D:13     | Killed Sonja
 12588 | D:13     | Reached skill level 14 in Axes
 12588 | D:13     | Reached XP level 13. HP: 119/119 MP: 12/12
 12654 | D:13     | Found Pawnuloe's General Store.
 12662 | D:13     | Bought a scroll of teleportation for 51 gold pieces
 12662 | D:13     | Bought a potion of curing for 51 gold pieces
 13058 | D:13     | Reached ***** piety under Trog
 13647 | D:13     | Found a gate to the Vaults.
 14130 | D:14     | Reached skill level 10 in Dodging
 14191 | D:14     | Found a frozen archway.
 14197 | IceCv    | Entered an ice cave
 14435 | IceCv    | Reached skill level 15 in Axes
 14859 | IceCv    | Demolished by a golden dragon simulacrum

Illustrated notes

Levels and vault maps discovered:
D:1:      dpeg_arrival_water_temple_mockup, layout_basic, serial_shops,
          nicolae_shop_advertising_works [nicolae_subvault_shop_adworks],
          serial_corexii_hall, corexii_hall_statues_t, chequers_hall_statues_y
D:2:      minmay_alternating_diamond, layout_rooms
D:3:      layout_basic, uniq_natasha
D:4:      layout_loops_ring, grunt_temple_overflow_lords_of_destruction,
          mainiacjoe_overflow_small_starburst, amcnicky_altar_gilded,
          zin_statuary, gammafunk_ghost_smash, st_stairs_3,
          hangedman_decor_diamond_cutter
D:5:      layout_loops_cross, mainiacjoe_overflow_brackets, st_stairs_10
D:6:      layout_basic, lemuel_zombie_altar_kikubaaqudgha,
          minmay_misc_feat_five, nicolae_benzene_ring
D:7:      layout_rooms, kennysheep_orc_sif_temple, nicolae_gozag_seed_capital,
          grunt_temple_overflow_diamond, okawaru_humans,
          lemuel_mausoleum_altar_yredelemnul,
          minmay_temple_entry_statues_fountains
D:8:      layout_rooms, mainiacjoe_overflow_surrounded_room, lair_entry_dummy,
          hangedman_minor_gate_pass
D:9:      gammafunk_beogh_shrine, layout_cross, minmay_increasing_density
D:10:     layout_basic, gammafunk_ghost_arena
D:11:     layout_loops_ring, orc_0_dummy
D:12:     layout_basic, gauntlet_entry_generic
D:13:     wad_river_or_something, layout_basic, grunt_vaults_entry_fortified,
          gammafunk_ghost_hive, serial_shops, shop, uniq_sonja
D:14:     layout_basic, hangedman_decor_slide_cut,
          portal_ice_cave_entry_pillars_four, lemuel_flamethrower_2,
          uniq_jorgrun
IceCv:    ice_cave_tombish

Skill      XL: |  1  2  3  4  5  6  7  8  9 10 11 12 13 |
---------------+----------------------------------------+-----
Fighting       | 4 5 6 8 9 11 12 13 | 13.9
Axes           | 4 5 6 7 9 10 12 14 15 | 15.1
Dodging        | 3 4 5 6 7 8 9 10 | 10.1
Stealth        | 1 2 3 4 5 6 7 8 |  8.4
Armour         | 3 4 5 6 7 8 9 10 | 10.8
Evocations     | 1 2 3 4 5 6 7 8 |  8.0

Action                   |  1- 3 |  4- 6 |  7- 9 | 10-12 | 13-15 || total
-------------------------+-------+-------+-------+-------+-------++-------
Melee: Hand axe          |   112 |    64 |   319 |       |       ||   495
       Headbutt          |    13 |     9 |    75 |    73 |    37 ||   207
       Punch             |     3 |       |     4 |       |       ||     7
       Battleaxe         |       |       |       |   320 |   146 ||   466
Invok: Berserk           |       |     2 |     5 |    16 |     7 ||    30
       Trog's Hand       |       |       |     1 |     1 |     1 ||     3
       Brothers in Arms  |       |       |       |     2 |       ||     2
Evoke: Wand              |       |       |       |     8 |    12 ||    20
  Use: Scroll            |       |       |       |    18 |     2 ||    20
       Potion            |       |       |       |     4 |     3 ||     7
 Stab: Distracted        |       |       |     1 |       |       ||     1
       Sleeping          |       |       |       |     2 |     4 ||     6
       Paralysed         |       |       |       |     5 |       ||     5
Armor: Animal skin       |    14 |       |       |       |       ||    14
       Leather armour    |     4 |       |       |       |       ||     4
       Plate armour      |    25 |    31 |   146 |    26 |       ||   228
       Scale mail        |       |       |       |   162 |    69 ||   231
Dodge: Dodged            |    64 |    21 |   112 |   285 |   124 ||   606
